 Dungeon Crawl Stone Soup version 0.30-a0-757-ga6a79fd877 (webtiles) character file.

Game seed: 6108668229204061956

5 Aneyh the Trooper (level 1, 0/14 HPs)
             Began as a Tengu Monk on Feb 10, 2023.
             Slain by a gnoll
             ... wielding a +0 spear
              (9 damage)
             ... on level 1 of the Dungeon.
             The game lasted 00:01:07 (120 turns).

Aneyh the Trooper (Tengu Monk)                       Turns: 120, Time: 00:01:07

Health: 0/14       AC:  2    Str: 11    XL:     1   Next: 80%
Magic:  2/2        EV: 13    Int: 10    God:
Gold:   5          SH:  0    Dex: 16    Spells: 0/0 levels left

rFire   . . .      SeeInvis .    a - +0 spear
rCold   . . .      Faith    .    (no shield)
rNeg    . . .      Spirit   .    b - +0 robe
rPois   .          Reflect  .    (helmet restricted)
rElec   .          Harm     .    (no cloak)
rCorr   .          Rampage  .    (no gloves)
Will    .....                    (boots unavailable)
Stlth   ++                       (no amulet)
HPRegen 0.22/turn                (no ring)
MPRegen 0.08/turn                (no ring)

@: no status effects
A: beak, talons 3
a: no special abilities


You were on level 1 of the Dungeon.
You visited 1 branch of the dungeon, and saw 1 of its levels.

You collected 5 gold pieces.

Inventory:

Hand Weapons
 a - a +0 spear (weapon)
Armour
 b - a +0 robe (worn)
Potions
 c - a potion of ambrosia
 d - a potion of flight {unknown}


   Skills:
 + Level 3.4 Fighting
 - Level 3.2 Polearms
 - Level 3.2 Dodging
 - Level 2.0 Stealth


You couldn't memorise any spells.
You didn't know any spells.
Your spell library was empty.

Dungeon Overview and Level Annotations

Branches:
Dungeon (1/15)

Altars:


Innate Abilities, Weirdness & Mutations

You have a beak for a mouth.
You have claws for feet.


Message History

You kill the goblin!
d - a pink potion
Things that are here:
a +0 dagger; a goblin corpse A kobold comes into view.
It is wielding a +0 club.
You reach to attack!
The helpless kobold fails to defend itself.
You puncture the kobold!
You kill the kobold!
No target in view!
Things that are here:
a +0 dagger; a goblin corpse A giant cockroach comes into view.
A giant cockroach is nearby!
An endoplasm comes into view.
You hit the giant cockroach but do no damage.
You claw the giant cockroach.
The giant cockroach is almost dead.
The giant cockroach bites you.
You hit the giant cockroach.
You kill the giant cockroach!
You see here a giant cockroach corpse.
Found 4 stones.
A gnoll comes into view. It is wielding a +0 spear.
An endoplasm comes into view.
The gnoll shouts!
The endoplasm quivers.
A hobgoblin comes into view.
The gnoll hits you from afar with a +0 spear.
You reach to attack!
The hobgoblin shouts!
The endoplasm quivers.
You hit the gnoll.
The gnoll is moderately wounded.
The gnoll closely misses you.
You reach to attack!
You closely miss the gnoll.
The gnoll is moderately wounded.
The gnoll hits you from afar with a +0 spear!
Ouch! That really hurt!
You die...

####### #.....#
##.....###############..
..........†.....@.gJg...
..................J(....
##.....##############...
#.....# . ####### ######


You could see a gnoll, 2 endoplasms and a hobgoblin.

Vanquished Creatures
  A giant cockroach (D:1)
  2 goblins (D:1)
  A ball python (D:1)
  A kobold (D:1)
5 creatures vanquished.

Notes
Turn   | Place    | Note
-------+----------+-------------------------------------------
     0 | D:1      | Aneyh the Tengu Monk began the quest for the Orb.
     0 | D:1      | Reached XP level 1. HP: 14/14 MP: 2/2
   120 | D:1      | Slain by a gnoll

Illustrated notes

Levels and vault maps discovered:
D:1:      saegor_arrival_miasma, layout_basic, serial_shops, shop

Action                     || total
---------------------------++-------
  Melee: Spear             ||    14
         Peck              ||     2
         Kick              ||     1
   Stab: Sleeping          ||     2
  Dodge: Dodged            ||     5

Table legend: (Time is in decaauts)
 A = Elapsed time spent in this place.
 B = Non-inter-level travel time spent in this place.
 C = Inter-level travel time spent in this place.
 D = Time resting spent in this place.
 E = Time spent auto-exploring this place.
 F = Levels seen in this place.
 G = Mean time per level.
                   A        B        C        D        E       F      G
               +--------+--------+--------+--------+--------+-----+--------+
         Total |    119 |    115 |      4 |     42 |     38 |   1 |  119.0 |
       Dungeon |    119 |    115 |      4 |     42 |     38 |   1 |  119.0 |
               +--------+--------+--------+--------+--------+-----+--------+

Top non-repeatable levels by time:
     D:1: 119 daAuts
